 Dungeon Crawl Stone Soup version 0.20-a0-522-g0b37eee (webtiles) character file.

56 Kaname the Charmwright (level 3, -1/27 HPs)
             Began as a Demonspawn Skald on Jan 25, 2017.
             Slain by a gnoll
             ... wielding a +0 spear
              (6 damage)
             ... on level 2 of the Dungeon.
             The game lasted 00:03:02 (1412 turns).

Kaname the Charmwright (Demonspawn Skald)           Turns: 1412, Time: 00:03:03

Health: -1/27      AC:  3    Str: 11    XL:     3   Next: 69%
Magic:  3/6        EV: 11    Int: 15    God:
Gold:   103        SH:  0    Dex: 12    Spells: 0/6 levels left

rFire    . . .     SeeInvis .   a - +0 spear
rCold    . . .     Gourm    .   b - +0 leather armour
rNeg     . . .     Faith    .   (no shield)
rPois    .         Spirit   .   (no helmet)
rElec    .         Reflect  .   (no cloak)
rCorr    .         Harm     .   (no gloves)
MR       .....                  (no boots)
Stlth    +.........             (no amulet)
Regen    0.1/turn               (no ring)
                                (no ring)

@: infused
A: talons 1
a: no special abilities


You were on level 2 of the Dungeon.
You were not hungry.

You visited 1 branch of the dungeon, and saw 2 of its levels.

You collected 103 gold pieces.

Inventory:

Hand Weapons
 a - a +0 spear (weapon)
Armour
 b - a +0 leather armour (worn)
Scrolls
 e - 4 scrolls of identify {unknown}
 h - 3 scrolls of remove curse {unknown}
 j - a scroll of teleportation {unknown}
Potions
 g - 2 potions of magic {unknown}
 i - a potion of might {unknown}
 k - a potion of flight {unknown}
Books
 c - a book of Battle

   Spells                             Type                      Level
   a - Infusion                       Charms                       1
   b - Shroud of Golubria             Charms/Translocation         2
   c - Song of Slaying                Charms                       2
   d - Spectral Weapon                Hexes/Charms                 3
   e - Regeneration                   Charms/Necromancy            3
Comestibles
 d - 2 bread rations
 f - a royal jelly
 l - 3 chunks of flesh


   Skills:
 - Level 2.0 Fighting
 - Level 2.0 Polearms
 - Level 0.8 Armour
 - Level 1.7 Dodging
 - Level 2.0 Spellcasting
 + Level 0.4 Hexes
 - Level 4.1 Charms


You couldn't memorise any spells.
You knew the following spells:

 Your Spells              Type           Power        Failure   Level  Hunger
a - Infusion              Chrm           ##..         6%          1    #......
b - Song of Slaying       Chrm           ##......     10%         2    ###....
c - Spectral Weapon       Hex/Chrm       #.......     38%         3    ###....


Dungeon Overview and Level Annotations

Branches:
Dungeon (2/15)

Altars:


Innate Abilities, Weirdness & Mutations

You have sharp toenails.


Message History

You begin infusing your attacks with magical energy.
Attack whom?
Press: ? - help, Dir - move target cursor, f - gnoll
Aim: a gnoll, wielding a spear You reach to attack!
You barely miss the gnoll.
The gnoll hits you from afar with a spear.
Attack whom?
Press: ? - help, Dir - move target cursor, f/p - gnoll
Aim: a gnoll, wielding a spear You reach to attack!
You hit the gnoll.
The gnoll is heavily wounded.
The gnoll hits you from afar with a spear.
* * * LOW HITPOINT WARNING * * *
Attack whom?
Press: ? - help, Dir - move target cursor, f/p - gnoll
Aim: a gnoll, wielding a spear (heavily wounded)
You reach to attack!
You hit the gnoll.
The gnoll is almost dead.
The gnoll hits you from afar with a spear.
You die...

....#####
#.................
....
#.######..........
#..............
...###.)<....... #
##†..######
#########...#
..#)....##..#.#
............#.#
.......@.g#.#.#
..........#...#
..........###.#
......(...# ..#
..........# ..#
..........# ..#
.........## .#
.##.....##


You could see a gnoll.

Vanquished Creatures
  2 gnolls (D:2)
  A dart slug (D:1)
  A leopard gecko (D:1)
  7 bats (D:1)
  4 giant cockroaches
  4 goblins (D:1)
  5 hobgoblins
  2 jackals
  A frilled lizard (D:1)
  A kobold (D:2)
  3 rats (D:1)
31 creatures vanquished.

Notes
Turn   | Place    | Note
-------+----------+-------------------------------------------
     0 | D:1      | Kaname the Demonspawn Skald began the quest for the Orb.
     0 | D:1      | Reached XP level 1. HP: 16/16 MP: 3/3
   239 | D:1      | Reached skill level 3 in Charms
   268 | D:1      | Gained mutation: You have sharp toenails. [demonic ancestry]
   268 | D:1      | Reached XP level 2. HP: 17/22 MP: 5/5
   272 | D:1      | Learned a level 2 spell: Song of Slaying
  1039 | D:1      | Reached XP level 3. HP: 14/27 MP: 6/6
  1319 | D:2      | Reached skill level 4 in Charms
  1325 | D:2      | Learned a level 3 spell: Spectral Weapon
  1412 | D:2      | Slain by a gnoll

Vault maps used:
D:1:      noname_arrival_rooms_in_the_neighbourhood
D:2:      uniq_iyjb

Skill      XL: |  1  2  3 |
---------------+----------+-----
Polearms       | 2 |  2.0
Charms         | 3 4 |  4.1
Fighting       | |  2.0
Armour         | |  0.8
Dodging        | |  1.7
Spellcasting   | |  2.0
Hexes          | |  0.4

Action                   || total
-------------------------++-------
Melee: Spear             ||   161
       Kick              ||    18
 Cast: Infusion          ||     7
  Eat: Chunk             ||     2
Armor: Leather armour    ||    47
Dodge: Dodged            ||   105
